AoeStats
← TIMVP

Pilgrims

510207644Analyzed
2v2 RM · 21h ago on Sep 30, 2026· 42m 52s· 4 players
Game mode
Random Map
Map size
Medium (4 player)
Population
200
Speed
Normal
Resources
Standard
Victory
Conquest
Starting age
Dark Age
Ending age
Imperial Age
RankedLock teamsTeams togetherTeam positionsShared explorationLock speedFull tech treeHidden civsTurbo modeCheats
Victory
Defeat
🇵🇪 Portuguese · Peru
712
+14
🇵🇪 Cumans · Peru
700
+15
🇪🇸 Bohemians · Spain
680
-15
🇺🇸 Burgundians · United States
674
-14
Amachali
7:34 Wheelbarrow
8:10 Loom
18:40 Feudal Age
19:22 Horse Collar
19:33 Double-Bit Axe
23:46 Hand Cart
25:31 Bow Saw
29:40 Castle Age
27:54 Forging
27:34 Fletching
27:56 Scale Mail Armor
30:08 Arson
32:50 Iron Casting
32:11 Bodkin Arrow
32:22 Squires
33:46 Chain Mail Armor
kikoparket
11:48 Feudal Age
15:04 Wheelbarrow
14:15 Town Watch
15:10 Double-Bit Axe
19:52 Castle Age
22:27 Bow Saw
23:16 Town Patrol
22:44 Crossbowman
23:32 Husbandry
29:52 Horse Collar
30:57 Pikeman
33:37 Chemistry
38:31 Ballistics
41:05 Fletching
41:25 Forging
41:16 Padded Archer Armor
TIMVP
4:19 Loom
12:34 Feudal Age
16:21 Horse Collar
24:00 Castle Age
22:00 Man-at-Arms
23:57 Double-Bit Axe
27:27 Heavy Plow
36:56 Imperial Age
37:35 Circumnavigation
40:50 Gold Mining
43:46 Conscription
A†ilA
12:12 Feudal Age
13:44 Wheelbarrow
14:00 Fishing Lines
20:33 Castle Age
19:10 Gold Mining
23:36 Gillnets
25:50 Hand Cart
26:05 Forging
26:01 Scale Barding Armor
27:47 Light Cavalry
28:38 Bloodlines
28:37 Scale Mail Armor
38:10 Imperial Age
39:04 Elite Steppe Lancer
Connection lost

Rejoining the realm…

Still unreachable

The connection could not be restored.

Session expired

The server has moved on; the page needs a fresh start.